 Dungeon Crawl Stone Soup version 0.19-a0-1815-g4007336 (webtiles) character file.

7 witty the Caller (level 1, 0/15 HPs)
             Began as a Vampire Summoner on Oct 6, 2016.
             Succumbed to an adder's poison
             ... on level 1 of the Dungeon.
             The game lasted 00:00:54 (76 turns).

witty the Caller (Vampire Summoner)                   Turns: 76, Time: 00:00:55

Health: 0/15       AC:  2    Str:  7    XL:     1   Next: 91%
Magic:  1/3        EV: 13    Int: 17    God:
Gold:   11         SH:  0    Dex: 14    Spells: 1 memorised, 3 levels left

rFire  . . .     SeeInvis +     (no weapon)
rCold  . . .     Gourm    .     a - +0 robe
rNeg   + . .     Faith    .     (no shield)
rPois  .         Spirit   .     (no helmet)
rElec  .         Dismiss  .     (no cloak)
rCorr  .         Reflect  .     (no gloves)
MR     .....     Harm     .     (no boots)
Stlth  ++........ Rnd*Tele +    (no amulet)
                                (no ring)
                                d - ring of teleportation (curse) {+/*tele, !d}

@: lethally poisoned (0 -> -7)
A: fangs 3, see invisible, unbreathing
a: no special abilities


You were on level 1 of the Dungeon.
You were not thirsty.

You visited 1 branch of the dungeon, and saw 1 of its levels.

You collected 11 gold pieces.

Inventory:

Armour
 a - a +0 robe (worn)
Jewellery
 d - a cursed ring of teleportation (left hand) {+/*tele, !d}
   (You found it on level 1 of the Dungeon)
Scrolls
 e - a scroll of blinking {unknown}
Potions
 c - a potion of blood {@q1}
Books
 b - a book of Callings


   Skills:
 + Level 1.0 Fighting
 + Level 2.5 Dodging
 - Level 3.0 Stealth
 - Level 2.0 Spellcasting
 - Level 4.0 Summonings


You had 3 spell levels left.
You knew the following spells:

 Your Spells              Type           Power        Failure   Level  Hunger
a - Summon Small Mammal   Summ           ###.         3%          1    #......


Dungeon Overview and Level Annotations

Branches:
Dungeon (1/15)

Altars:


Innate Abilities, Weirdness & Mutations

You have razor-sharp teeth.
You have supernaturally acute eyesight. (SInv)
You can survive without breathing.


Message History

A dart slug comes into view.
You now have 2/3 mp.
You now have 1/3 mp.
You now have 0/3 mp.
You swap places.
A rat comes into view.
The dart slug launches a dart at you. The slug dart misses you.
You swap places.
The dart slug launches a dart at you. The slug dart hits your bat.
Your bat hits the dart slug. x3
Your bat hits the dart slug but does no damage. x2
The dart slug bites your bat.
Your bat dies!
Your bat's corpse disappears in a puff of smoke!
Your bat hits the dart slug.
Your rat bites the dart slug.
The dart slug bites your rat but does no damage.
Your bat hits the dart slug but does no damage. x2
Your rat bites the dart slug but does no damage.
The rat bites your rat but does no damage.
Your bat hits the dart slug.
You don't have enough magic to cast that spell.
You swap places.
Your bat hits the dart slug. The rat misses you.
You hit the rat. You bite the rat.
Your bat hits the dart slug but does no damage.
Your rat closely misses the rat.
The rat bites you but does no damage.
You closely miss the rat.
Your bat hits the dart slug but does no damage.
Your rat bites the rat.
The rat dies!
The dart slug barely misses your bat.
Your bat hits the dart slug. Your bat hits the dart slug.
The dart slug dies!
Health restored: 14 No target in view!
No target in view!
No target in view!
No target in view!
You swap places.
You see here a rat corpse.
d - a scratched pearl ring You see here 20 arrows.
You feel slightly jumpy.
Oops, that ring feels deathly cold.
d - a cursed ring of teleportation (left hand)
You swap places.
You now have 11 gold pieces.
e - a scroll labeled RUAV KEKHO An adder comes into view.
An adder is nearby!
You swap places.
You see here a rat corpse.
You now have 1/3 mp.
The adder bites your bat.
Your bat dies!
Your bat's corpse disappears in a puff of smoke!
Your rat closely misses the adder.
The adder bites you.
You are poisoned.
The adder poisons you!
Your rat barely misses the adder.
You take 1 damage, and have 13/14 hp.
You now have 0/3 mp.
You barely miss the adder.
You feel sick.
Your rat misses the adder. The adder closely misses you.
Your rat barely misses the adder.
Your rat bites the adder.
You take 1 damage, and have 12/14 hp.
You closely miss the adder.
Your rat bites the adder.
The adder bites you.
Your rat bites the adder.
Your rat closely misses the adder.
You take 5 damage, and have 7/14 hp.
MASSIVE DAMAGE!!
You closely miss the adder. The adder closely misses you.
Your rat bites the adder.
Your rat closely misses the adder.
Your rat misses the adder. You hit the adder.
You feel sick. The adder misses you.
Your rat closely misses the adder.
The adder barely misses you.
Your rat bites the adder but does no damage.
Your rat bites the adder.
You take 1 damage, and have 6/14 hp.
You closely miss the adder. You bite the adder.
Your rat disappears in a puff of smoke!
The adder bites you.
* * * LOW HITPOINT WARNING * * *
You are more poisoned.
The adder poisons you!
Your rat barely misses the adder.
Your rat closely misses the adder.
You take 3 damage, and have 3/14 hp.
MASSIVE DAMAGE!!
You closely miss the adder.
* * * LOW HITPOINT WARNING * * *
You feel sick. The adder closely misses you.
Your rat barely misses the adder.
Your rat bites the adder.
The adder dies!
Your Fighting skill increases to level 1!
Okay, then.
There is a lethal amount of poison in your body!
* * * LOW HITPOINT WARNING * * *
You feel sick.
You take 1 damage, and have 2/15 hp.
* * * LOW HITPOINT WARNING * * *
You feel sick.
You take 1 damage, and have 1/15 hp.
You die...

#.#.#.#.## ###.
#####...#.##...##
###(..# ..........#
#...###...#
#######.†(#
#.......## ##..#
###.<.### #..#
#.......##
#rr####...###...###
##.##...#######...#
#@#.######...####.
#..#####...#....##
#....#...######...
####...### ###.
##### #. ##


You could see 2 friendly rats.

Vanquished Creatures (collateral kills)
  An adder (D:1)
  A dart slug (D:1)
  A rat (D:1)
3 creatures vanquished.

Notes
Turn   | Place    | Note
-------+----------+-------------------------------------------
     0 | D:1      | witty the Vampire Summoner began the quest for the Orb.
     0 | D:1      | Reached XP level 1. HP: 13/13 MP: 3/3
    69 | D:1      | HP: 3/14 [adder (3)]
    70 | D:1      | Reached skill level 1 in Fighting
    74 | D:1      | HP: 1/15 [poisoned by an adder]
    76 | D:1      | Succumbed to an adder's poison

Vault maps used:
D:1:      dpeg_arrival_simpleton_a

Skill      XL: |  1 |
---------------+----+-----
Fighting       | 1 |  1.0
Dodging        | |  2.5
Stealth        | |  3.0
Spellcasting   | |  2.0
Summonings     | |  4.0

Action                   || total
-------------------------++-------
Melee: Unarmed           ||     8
       Bite              ||     2
 Cast: Summon Small Mamm ||     5
Armor: Robe              ||     1
Dodge: Dodged            ||     7

Vault maps used:
D:1:      dpeg_arrival_simpleton_a

Table legend:
 A = Turns spent in this place as a percentage of turns spent in the entire game.
 B = Non-inter-level travel turns spent in this place as a percentage of non-inter-level travel turns spent in the entire game.
 C = Inter-level travel turns spent in this place as a percentage of turns spent in this place.
 D = Turns resting spent in this place as a percentage of non-inter-level travel turns spent in this place.
 E = Turns spent auto-exploring this place as a percentage of non-inter-level travel turns spent in this place.
 F = Non-inter-level travel turns spent in this place divided by the number of levels of this place that you've seen.
                   A       B       C       D       E      F
               +-------+-------+-------+-------+-------+----------------------
         Total | 100.0 | 100.0 |   0.0 |   0.0 |   2.0 |  51.0
       Dungeon | 100.0 | 100.0 |   0.0 |   0.0 |   2.0 |  51.0
               +-------+-------+-------+-------+-------+----------------------

Table legend:
 A = Kills in this place as a percentage of kills in entire the game.
 B = Kills by you in this place as a percentage of kills by you in the entire game.
 C = Kills by friends in this place as a percentage of kills by friends in the entire game.
 D = Other kills in this place as a percentage of other kills in the entire game.
 E = Experience gained in this place as a percentage of experience gained in the entire game.
 F = Experience gained in this place divided by the number of levels of this place that you have seen.
                   A       B       C       D       E      F
               +-------+-------+-------+-------+-------+----------------------
         Total | 100.0 |  -nan | 100.0 |  -nan | 100.0 |  11.0
       Dungeon | 100.0 |  -nan | 100.0 |  -nan | 100.0 |  11.0
               +-------+-------+-------+-------+-------+----------------------
